cohdb
Replays
Latest Replays
All Replays
Popular Replays
Top Player Replays
Match Explorer
How It Works
Community
CoH3 Stats
Reddit
Sign in to upload your games and track your stats! →
Sign in with Steam
Match 47021449
Unlisted
Match 47021449
Overview
Messages
Build Orders
End
Selects Armored Battlegroup
Selects Assault Engineers
Assault Engineer Squad
Construct Weapon Support Center
M1919 Machine Gun Team
M1919 Machine Gun Team
Air Support Center
Assault Engineer Squad
Selects M31 Recovery Vehicle
Grasshopper Recon Run
M3 Armored Personnel Carrier
P-47 Strafing Run
Bazooka Squad
P-47 Strafing Run
Construct Tank Depot
M1919 Machine Gun Team
Assault Engineer Squad
Selects Fast Deploy
P-47 Dive Bomb
Selects Seek and Destroy
M1919 Machine Gun Team
Assault Engineer Squad
Double Sortie
Selects UNKNOWN (2160077)
M4A3E8 Sherman Easy Eight
P-47 Strafing Run
Grasshopper Recon Run
P-47 Dive Bomb
P-47 Strafing Run
Selects War Machine
M1919 Machine Gun Team
M4A3E8 Sherman Easy Eight
M1919 Machine Gun Team
M31 Recovery Vehicle
Grasshopper Recon Run
P-47 Dive Bomb
P-47 Strafing Run
M4A3E8 Sherman Easy Eight
M4A3E8 Sherman Easy Eight
Grasshopper Recon Run
P-47 Dive Bomb
P-47 Strafing Run
M4A3E8 Sherman Easy Eight
P-47 Strafing Run
Air Supply
Improved Aircraft Armor
Advanced Air Reconnaissance
Grasshopper Recon Run
M4A3E8 Sherman Easy Eight
OHxYEAHxJNP
『BlackBear』
UA - ♠ $imA ♠
UA -=Vov@N=-
0
0
Comments
sign in to comment!
No comments posted yet!